 Dungeon Crawl Stone Soup version 0.19.4-8-ga85b6b9 (webtiles) character file.

386 aeluma the Magician (level 6, -1/32 HPs)
             Began as a Deep Elf Conjurer on Feb 10, 2017.
             Was an Initiate of Sif Muna.
             Slain by an ogre
             ... wielding a +0 giant spiked club
              (33 damage)
             ... on level 4 of the Dungeon.
             The game lasted 00:08:44 (3247 turns).

aeluma the Magician (Deep Elf Conjurer)             Turns: 3247, Time: 00:08:45

Health: -1/32      AC:  5    Str:  6    XL:     6   Next: 48%
Magic:  17/17      EV: 13    Int: 21    God:    Sif Muna [......]
Gold:   143        SH:  0    Dex: 15    Spells: 2 memorised, 13 levels left

rFire  . . .     SeeInvis .     t - +1 dagger (drain)
rCold  . . .     Gourm    .     a - +0 robe
rNeg   . . .     Faith    .     (no shield)
rPois  .         Spirit   .     o - +2 hat
rElec  .         Reflect  .     (no cloak)
rCorr  .         Harm     .     y - +0 pair of gloves
MR     .....                    (no boots)
Stlth  +++.......               (no amulet)
                                (no ring)
                                v - ring of stealth

@: no status effects
A: no striking features
a: Renounce Religion


You were on level 4 of the Dungeon.
You worshipped Sif Muna.
Sif Muna was noncommittal.
You were not hungry.

You visited 2 branches of the dungeon, and saw 6 of its levels.

You collected 143 gold pieces.

Inventory:

Hand Weapons
 e - a +0 dagger
 t - a +1 dagger of draining (weapon)
Missiles
 n - 3 tomahawks (quivered)
Armour
 a - a +0 robe (worn)
 o - a +2 hat (worn)
 y - a +0 pair of gloves (worn)
Jewellery
 v - a ring of stealth (left hand)
Wands
 r - a wand of polymorph (7/24)
Scrolls
 f - a scroll of enchant armour {unknown}
 g - a scroll of noise {unknown}
 m - 2 scrolls of magic mapping {unknown}
 p - a scroll of recharging {unknown}
 u - a scroll of amnesia {unknown}
 w - a scroll of fear {unknown}
 x - 2 scrolls of identify {unknown}
 A - a scroll of blinking {unknown}
 C - a scroll of random uselessness {unknown}
Potions
 h - a potion of degeneration {unknown}
 i - a potion of magic
 j - 2 potions of flight {unknown}
 k - a potion of heal wounds {unknown}
 l - a potion of invisibility {unknown}
 q - a potion of mutation {unknown}
 s - a potion of ambrosia {unknown}
Books
 b - a book of Conjurations

   Spells                             Type                      Level
   a - Magic Dart                     Conjuration                  1
   b - Searing Ray                    Conjuration                  2
   c - Dazzling Spray                 Conjuration/Hexes            3
   d - Fulminant Prism                Conjuration/Hexes            4
   e - Iskenderun's Mystic Blast      Conjuration                  4
   f - Iskenderun's Battlesphere      Conjuration/Charms           5
Comestibles
 c - 5 bread rations
 d - a slice of pizza
 z - a chunk of flesh
 B - 4 fruits


   Skills:
 - Level 2.4 Dodging
 - Level 2.4 Stealth
 + Level 6.9 Spellcasting
 + Level 6.8 Conjurations


You had 13 spell levels left.
You knew the following spells:

 Your Spells              Type           Power        Failure   Level  Hunger
a - Magic Dart            Conj           ####         1%          1    None
b - Iskenderun's Mystic   Conj           #####...     6%          4    ###....


Dungeon Overview and Level Annotations

Branches:
Dungeon (5/15)             Temple (1/1) D:5

Altars:
Ashenzari
Cheibriados
Dithmenos
Elyvilon
Gozag
Hepliaklqana
Makhleb
Qazlal
Ru
Sif Muna
Uskayaw
Vehumet
Xom
Yredelemnul
Zin
The Shining One

Annotations:
D:5 Pikel


Message History

A slave comes into view.
A hound, 2 orc priests, a slave and Pikel come into view.
Pikel is wielding a whip of electrocution.
Found 16 gold pieces and 19 arrows.
There is a stone staircase leading up here.
The orc priest shouts!
You climb upwards.
A frilled lizard, 3 gnolls and an orc priest come into view.
The orc priest shouts!
Found 21 gold pieces, a scroll labeled VIURRE ALOUKOE and 20 stones.
There is a stone staircase leading down here.
The orc priest casts a cantrip, but nothing happens.
Found a potion of magic.
Found a stone staircase leading down.
The orc priest looks braver for a moment.
An ogre comes into view. It is wielding a giant spiked club.
The ogre shouts!
You hear a shout!
The ogre hits you with a giant spiked club!!
Ouch! That really hurt!
You die...

...o...!......
####.#..#.#.###
####.#.#.......
#.........#.#..
#......#......####
#####.#....# ..###
#.....###
#...##... #>###.#
#O.....# #.
#.#######@# ##
#.o.......#
###########


You could see an ogre and an orc priest (wandering).

Vanquished Creatures
  A phantom (D:5)
  A sky beast (D:5)
  A hound (D:5)
  A centaur skeleton (D:5)
  4 gnolls (D:2)
  5 adders
  A dart slug (D:1)
  2 leopard geckos
  5 orcs (D:3)
  6 bats
  7 giant cockroaches
  4 goblins
  6 hobgoblins
  2 jackals (D:5)
  3 quokkas
  A ball python (D:1)
  4 frilled lizards
  6 kobolds
  A quokka skeleton (D:5)
  5 rats
66 creatures vanquished.

Vanquished Creatures (others)
  A bat (D:2)
1 creature vanquished.

Grand Total: 67 creatures vanquished

Notes
Turn   | Place    | Note
-------+----------+-------------------------------------------
     0 | D:1      | aeluma the Deep Elf Conjurer began the quest for the Orb.
     0 | D:1      | Reached XP level 1. HP: 10/10 MP: 6/6
   199 | D:1      | Reached XP level 2. HP: 15/15 MP: 5/8
  1087 | D:2      | Reached XP level 3. HP: 19/19 MP: 5/10
  1135 | D:2      | Reached skill level 5 in Conjurations
  1505 | D:2      | Reached XP level 4. HP: 24/24 MP: 4/12
  1563 | D:2      | Reached skill level 5 in Spellcasting
  1758 | D:2      | Found a white marble altar of Elyvilon.
  2219 | D:3      | Noticed an ice beast
  2258 | D:2      | Learned a level 4 spell: Iskenderun's Mystic Blast
  2391 | D:3      | Reached XP level 5. HP: 27/28 MP: 8/15
  2546 | D:3      | You fall through a shaft for 2 floors!
  2546 | D:5      | Entered Level 5 of the Dungeon
  2550 | D:5      | Noticed a sky beast
  2560 | D:5      | Killed a sky beast
  2690 | D:5      | Found a staircase to the Ecumenical Temple.
  2696 | D:5      | Noticed a phantom
  2700 | Temple   | Entered the Ecumenical Temple
  2860 | Temple   | Became a worshipper of Sif Muna the Loreminder
  2920 | D:5      | Killed a phantom
  2920 | D:5      | Reached XP level 6. HP: 25/32 MP: 0/17
  3208 | D:5      | Noticed a slave
  3210 | D:5      | Noticed Pikel
  3210 | D:5      | Noticed a slave
  3247 | D:4      | Slain by an ogre

Skill      XL: |  1  2  3  4  5 |
---------------+----------------+-----
Spellcasting   | 4 5 6 |  6.9
Conjurations   | 5 6 |  6.8
Dodging        | |  2.4
Stealth        | |  2.4

Action                   |  1- 3 |  4- 6 || total
-------------------------+-------+-------++-------
Melee: Dagger            |       |     9 ||     9
 Cast: Magic Dart        |    72 |    61 ||   133
       Iskenderun's Myst |       |    10 ||    10
  Use: Potion            |       |     1 ||     1
 Stab: Sleeping          |       |     1 ||     1
  Eat: Chunk             |     2 |     6 ||     8
Armor: Robe              |       |     5 ||     5
Dodge: Dodged            |     1 |    11 ||    12
